 Dungeon Crawl Stone Soup version 0.28.0-53-g5a82cb258f (webtiles) character file.

Game seed: 7644120429715869660

35 MiltankisOP the Skirmisher (level 3, -2/27 HPs)
             Began as an Octopode Monk on July 14, 2022.
             Slain by an orc priest
             ... wielding a +0 dagger
              (3 damage)
             ... on level 3 of the Dungeon.
             The game lasted 00:02:07 (1944 turns).

MiltankisOP the Skirmisher (Octopode Monk)          Turns: 1944, Time: 00:02:08

Health: -2/27      AC:  1    Str: 10    XL:     3   Next: 35%
Magic:  3/3        EV: 14    Int: 12    God:
Gold:   65         SH:  0    Dex: 16    Spells: 2/2 levels left

rFire   . . .      SeeInvis .     - Unarmed
rCold   . . .      Faith    .   (no shield)
rNeg    . . .      Spirit   .   (helmet restricted)
rPois   +          Reflect  .   (no amulet)
rElec   .          Harm     .   d - ring of poison resistance
rCorr   .          Rampage  .   (no ring)
Will    .....                   (no ring)
Stlth   +++.......              (no ring)
HPRegen 0.09/turn               (no ring)
MPRegen 0.08/turn               (no ring)
                                (no ring)
                                (no ring)

@: no status effects
A: almost no armour, amphibious, 8 rings, camouflage 1, gelatinous body 1,
(nimble swimmer 1), tentacles
a: no special abilities


You were on level 3 of the Dungeon.
You visited 1 branch of the dungeon, and saw 3 of its levels.

You collected 65 gold pieces.

Inventory:

Jewellery
 d - a ring of poison resistance (left tentacle)
Scrolls
 a - a scroll of blinking {unknown}
 b - a scroll of amnesia {unknown}
 e - 2 scrolls of identify {unknown}
Potions
 c - a potion of flight {unknown}
 f - a potion of resistance {unknown}


   Skills:
 + Level 3.7 Fighting
 + Level 3.7 Dodging
 - Level 2.7 Stealth
 - Level 3.0 Unarmed Combat


You had 2 spell levels left.
You didn't know any spells.
Your spell library contained the following spells:

 Spells                   Type           Power      Damage    Failure   Level
 Sting                    Tmut/Pois      0%         1d3       32%         1
 Ensorcelled Hibernation  Hex/Ice        0%         N/A       45%         2
 Poisonous Vapours        Pois/Air       0%         N/A       45%         2
 Spider Form              Tmut/Pois      0%         N/A       69%         3
 Anguish                  Hex/Necr       0%         N/A       97%         4
 Olgreb's Toxic Radiance  Pois           0%         N/A       97%         4


Dungeon Overview and Level Annotations

Branches:
Dungeon (3/15)

Altars:


Innate Abilities, Weirdness & Mutations

You cannot wear most types of armour.
You are amphibious.
You can wear up to eight rings at the same time.
Your skin changes colour to match your surroundings (Stealth+).
Your rubbery body absorbs attacks. (AC +1, EV +1)
((You are camouflaged when in or above water. (Stealth+)))
You have tentacles for arms and can constrict up to eight enemies at once.


Message History

The orc misses you.
You completely miss the orc. You grab the orc.
The orc is heavily wounded.
You constrict the orc, but do no damage.
The orc hits you but does no damage.
An orc priest comes into view. It is wielding a +0 dagger.
You completely miss the orc.
The orc is heavily wounded.
You constrict the orc. The orc hits you with a +0 hand axe.
You are too injured to fight recklessly!
The orc priest shouts!
You tentacle-slap the orc.
You kill the orc!
You tentacle-slap the orc. Your grab misses the orc.
The orc is heavily wounded.
The orc hits you with a +0 dagger.
You barely miss the orc. Your grab misses the orc.
The orc is heavily wounded.
The orc hits you with a +0 dagger.
You closely miss the orc. You grab the orc. You squeeze the orc.
You kill the orc!
You tentacle-slap the orc. You grab the orc.
The orc is lightly wounded.
You constrict the orc. The orc hits you with a +0 falchion!
* * * LOW HITPOINT WARNING * * *
You tentacle-slap the orc. You squeeze the orc.
You kill the orc!
You tentacle-slap the orc priest. Your grab misses the orc priest.
You squeeze the orc priest, but do no damage.
The orc priest is moderately wounded.
The orc priest hits you with a +0 dagger.
* * * LOW HITPOINT WARNING * * *
You tentacle-slap the orc priest. Your grab misses the orc priest.
The orc priest is severely wounded.
The orc priest hits you but does no damage.
You barely miss the orc priest. Your grab misses the orc priest.
You squeeze the orc priest.
The orc priest is almost dead.
The orc priest hits you with a +0 dagger.
You die...

############
......<(.(.. .#
####...#### .. #.....#
# .# ##.<.## #. ..#
##.## .. ..# #.#
#.###.# #.#.# #?o@..#
#.#+## ####..# #....##
# #..# ##.....##
#.#####..# ##.......##
#........####.........#
............+.........'
######...####.........#
##.## ##.).....##
######.# ##.....##


You could see an orc priest.

Vanquished Creatures
  4 orcs (D:3)
  4 bats
  3 endoplasms
  A giant cockroach (D:2)
  5 hobgoblins
  4 ball pythons
  A frilled lizard (D:2)
  4 goblins
  A kobold (D:2)
  2 rats (D:1)
29 creatures vanquished.

Notes
Turn   | Place    | Note
-------+----------+-------------------------------------------
     0 | D:1      | MiltankisOP the Octopode Monk began the quest for the Orb.
     0 | D:1      | Reached XP level 1. HP: 16/16 MP: 1/1
   420 | D:1      | Reached XP level 2. HP: 21/21 MP: 2/2
  1421 | D:2      | Found a faded altar of an unknown god.
  1655 | D:2      | Reached XP level 3. HP: 22/26 MP: 3/3
  1942 | D:3      | HP: 1/27 [orc priest/+0 dagger (2)]
  1944 | D:3      | Slain by an orc priest

Illustrated notes

Levels and vault maps discovered:
D:1:      matt_arrival_grand_opening, layout_loops_corners, minmay_pentomino_o4
D:2:      layout_loops_ring, ebering_ecumenical_altar_sacrificial
D:3:      layout_loops_corners, amethyst_killhole

Action                   || total
-------------------------++-------
Melee: Unarmed           ||    56
       Constrict         ||    13
       Tentacles         ||    14
       Punch             ||     1
 Stab: Distracted        ||     2
       Sleeping          ||     9
Armor: Skin              ||     5
Dodge: Dodged            ||    19
